[Event "Rohde op 12th"]
[Site "Sautron"]
[Date "2012.10.29"]
[Round "4"]
[White "Zubarev, Alexander2"]
[Black "Colin, Vincent"]
[Result "1-0"]
[ECO "B22"]
[WhiteElo "2583"]
[BlackElo "2407"]
[Annotator "RR"]
[PlyCount "155"]
[EventDate "2012.10.27"]
[EventType "swiss"]
[EventRounds "9"]
[EventCountry "FRA"]
[SourceTitle "EXT 2014"]
[Source "ChessBase"]
[SourceDate "2013.11.20"]
[SourceVersion "1"]
[SourceVersionDate "2013.11.20"]
[SourceQuality "1"]
[TimeControl "40/5400+30:1800+30"]
[WhiteClock "1:30:00"]
[BlackClock "1:30:00"]

1. e4 c5 2. c3 d5 (2... Nf6) (2... b6 3. d4 Bb7 4. Bd3 Nf6 5. Nd2 cxd4 6. cxd4 g6 7. Ngf3
Bg7 8. O-O O-O 9. Re1 d6 $13 {Ferrufino,B (2259)-Bauer,C (2638) Turin ol (Men)
37th 2006 (1) 0-1}) 3. exd5 Qxd5 4. d4 e6 {[%emt 0:00:15] Probablement la ligne la plus solide} (4...
g6 5. dxc5 (5. Nf3 Bg7 6. Na3 cxd4 7. Bc4) 5... Qxc5 6. Be3 Qc7 7. Bxa7 Rxa7 8.
Qd4 Nc6 9. Qxh8 Nf6) (4... Nf6) (4... Nc6) 5. Nf3 Nf6 6. Be2 (6. Na3 ) 6... Be7 7. O-O O-O (7... cxd4 8.
cxd4 Nc6 9. Nc3 Qd6 10. Nb5 Qd8 11. Bf4 Nd5 12. Bg3 O-O {
Adams,M (2726)-Van Wely,L (2675) World op 39th 2011 (5) 1/2}) 8. c4 $1 (8. Ne5 cxd4 9. cxd4 Rd8 $132 {Pavasovic,D (2602)-Dreev,A 
(2662) CRO-chT1A 18th 2009 (1) 1/2}) 8... Qd7 (8... Qd8 9. b3
(9. dxc5 Bxc5 10. Nc3 Nc6 11. a3 $14 ) 9... Nc6 10. Bb2 cxd4 11.
Nxd4 Nxd4 12. Qxd4 Qxd4 13. Bxd4 Bd7 14. Bf3 Bc6 15. Bxc6 bxc6 16. Nc3 c5 17.
Be3 Rfd8 18. Rad1 Nd7 19. Na4 Kf8 20. Rd2 Ke8 21. Rfd1 Rac8 22. f3 Rc7 23. Bf4
{Postny,E (2559)-Mortensen,E (2466)/playchess.com INT 2005/EXT 2007/1-0 (41)})
(8... Qf5 9. Nc3) 9. Nc3 (9. dxc5 $5 Qxd1 10. Rxd1 Bxc5 11.
Nc3 Nc6 12. a3 b6 13. b4 Be7 14. Bf4 Bb7 15. Nb5 Rad8 16. Ne5 {Magem Badals,J 
(2560)-Ionescu,C (2545) Berga op 1995 (8) 1-0} (16. Bc7)) 9... Rd8 10. dxc5 {[%emt 0:13:00] Fin de la préparation du GMI} (10. Nb5 $5 Nc6 (
10... a6 $2 11. Ne5) 11. Ne5 $1 Nxe5 12. dxe5 Qxd1 13. Rxd1 Rxd1+ 14. Bxd1 Nd7
15. Bf4 a6 16. Nd6 $36 ) 10... Qxd1 11. Bxd1 (11. Rxd1 Rxd1+ 12. Bxd1 Bxc5 13. Bf4 Ng4 14. Ne4 (14. Bg3)) 11... Bxc5 12. a3 (12. Bg5 $5 {Plus simple} b6 13. Ne4 Be7 14. Nxf6+
gxf6 15. Be3 Bb7 16. Be2 f5 17. Rfd1 $14 {Les Blancs ont des meilleures
perspectives en finale}) 12... b6 13. b4 Be7 14. Be3 (14. Bb2 Bb7 $11) 14... Bb7 15. Nd2 {[%emt 0:04:24][%cal Gd1f3,Gd2c4] Les Blancs ont fait une
série de coups assez lents et Vincent va égaliser sans problèmes.} Nbd7 16. Be2 Ne5 $132 17. h3 Nd3 18. Rfd1 Rd7 (18... Nb2 $5 19. Rdb1 Nd3 {Gagne du temps avec l'incrément})
19. Nb3 Rad8 $11 20. Nb5 Ne4 21. Nxa7 $5 {Nécessitait un
calcul précis} Nc3 $13 22. Rd2 Bf6 (22... Nc1 $5 23. Rxc1
Rxd2 24. Bf1 Ne2+ 25. Bxe2 Rxe2 26. Bxb6 Rd3 27. Nc5 Bxc5 28. Bxc5
Rxa3) 23. Bxd3 Rxd3 24. Re1 Ne4 25. Rxd3 Rxd3 26. Nc1 Rxa3 27. Bxb6 (27. Nb5) 27... Nd6 28. Nb5 Nxb5 29. cxb5 Bc3 (29... Kf8 {[%cal Gf6c3]
Peut-être un ordre de coups plus précis}) 30. Rd1 $1 Bd5 (30... g5
$6 31. Rd8+) 31. Ne2 Bxb4 $6 (31... Be5 )
32. Nf4 Ba5 33. Nxd5 exd5 34. Be3 Rb3 35. Rxd5 g6 (35... Kf8 {Plus solide}) 36.
g4 $1 Kf8 (36... Kg7 37. Bd4+) 37. Re5 (37. Kg2) 37... f6 $2 38. Bc5+ Kf7 39.
Re7+ $40 Kg8 40. Rb7 (40. b6 $1 Bxb6 (40... Rxh3 41. b7 Rb3 42. Ba7) 41. Rb7
$18) 40... Rxh3 41. Ra7 Rc3 42. Be3 Bc7 43. b6 Be5 44. Re7 Rb3 45. b7 g5 46. Kg2 Rb4 47. Kf3 Bd6 48. Re6 Be5 49. Rb6 $18 Rxb6 50. Bxb6 Kf7
51. Ba7 h5 52. gxh5 f5 53. b8=Q Bxb8 54. Bxb8 Kg7 55. Ke3 Kh6 56. Bc7 Kxh5 57.
Bd8 (57. Kf3) 57... Kg4 58. Be7 Kh5 59. Ke2 Kg4 60. Bd8 Kh5 61. Ke3 Kg4 62. Be7
Kh5 63. Kf3 Kg6 64. Bb4 Kh5 65. Kg3 Kg6 66. Bd2 Kh5 67. Kf3 Kg6 68. Bc1 Kh5 69.
Be3 Kg6 70. Bd2 Kh5 71. Be1 $1 Kg6 72. Ke3 Kh5 73. Kd4 Kh4 74. Kd5 Kh3 75. Ke6
Kg4 76. Ke5 f4 77. Ke4 Kh3 78. Kf5 1-0

[Event "Sautron op 16th"]
[Site "Sautron"]
[Date "2016.10.22"]
[Round "4.4"]
[White "Bedouin, Xavier"]
[Black "Stets, Dmitry"]
[Result "0-1"]
[ECO "B22"]
[WhiteElo "2353"]
[BlackElo "2436"]
[Annotator "RR"]
[PlyCount "86"]
[EventDate "2016.10.22"]
[EventType "swiss"]
[EventRounds "9"]
[EventCountry "FRA"]
[SourceTitle "EXT 2019"]
[Source "ChessBase"]
[SourceDate "2018.10.10"]
[SourceVersion "1"]
[SourceVersionDate "2018.10.10"]
[SourceQuality "1"]
[TimeControl "40/5400+30:1800+30"]
[WhiteClock "0:27:18"]
[BlackClock "0:24:22"]

1. e4 c5 2. c3 Nf6 (2... d5) (2... g6) 3. e5 Nd5 4. Nf3 Nc6 5. Bc4 e6 (5... Nb6 6. Bb3 c4 7. Bc2 Qc7 (7... d6)) 6. d4 cxd4 7. cxd4 d6 8. O-O Be7 9. exd6 Qxd6 10.
Nc3 O-O 11. Re1 Nxc3 12. bxc3 b6 13. Ng5 (13. Bd3 Bb7 14. Qe2 g6 15. Qe3 Bf6 16. Qh6 Bg7 17. Qh4 Ne7 18. Ng5 h5
19. Be4 Nf5 20. Qh3 Bxe4 21. Nxe4 Qd5 22. Bg5 f6 23. Bd2 Rac8 24. a4 Rc6 25.
Qd3 Rfc8 26. h3 Kf7 27. Qb5 Bf8 28. Rab1 Be7 29. Qa6 Qd7 30. Qb5 g5 31. Qe2 Rh8
32. Rb5 Rcc8 33. g3 Qc6 34. Qd3 Qc4 35. Qf3 g4 36. Qf4 gxh3 37. Rxf5 exf5 38.
Qxf5 Rcg8 39. Qd7 Kf8 40. Nd6 h2+ 41. Kxh2 {1-0 (41) Radjabov,T (2710)
-Moiseenko,A (2648) Bastia 2016}) 13... Bxg5 14. Bxg5 Bb7 15. Qg4 Rfe8 16. Re3 {[%emt 0:39:09] 40 mns de réflexion!} Ne7 17.
Rae1 Ng6 18. Bd3 Rac8 $146 (18... Rec8 19. Bxg6 hxg6 20. Bf4 Qd5 21. Be5 Qxa2 22. Rh3 Qd2
23. Rd1 Qc2 24. Rf1 Rxc3 25. f3 Qf5 26. Qh4 f6 27. Qh7+ Kf7 28. g4 Qg5 29. f4
Qxg4+ {0-1 (29) Tscharotschkin,M (2220)-Kveinys,A (2511) Bad Woerishofen 2004})
19. h4 Qd7 20. h5 $36 f5 (20... Nf8 21. h6 $36) 21. Qg3 Nf8 22. Bb1 Bd5 $1 23. Bf4 Qf7 24. Qh4 Nd7 25. Rg3 Nf6 26. h6 g6 27. Bg5 Nd7 (27... Ne4) 28. Rge3 Rc6 29. Qg3 {
[%emt 0:02:24] Les pièces Blanches sont très actives} Rec8 30. Bf4 Nf6 31. Qh3 b5 32. Be5 $6 Ng4 $1 {[%emt 0:00:38]
Sans la paire de B, l'attaque Blanche est moins dangereuse} 33. Rg3 Nxe5 34. dxe5 Qc7 $132 35. Rd1 Qxe5 (35... Rxc3 36. Bxf5 exf5
37. Rxd5) 36. Re3 Qf6 $17 37. Rd4 Rc4 38. Red3 b4 $1 $19 {[%emt 0:01:
45] Les Noirs gagent du matériel et la position Blanche s'effondre} 39. Qe3 Rxc3 40. Rxb4 Rc1+ 41. Kh2 g5 42. Qxa7 Qxh6+ 43. Rh3 Rh1+ 0-1

[Event "Tata Steel-B 79th"]
[Site "Wijk aan Zee"]
[Date "2017.01.28"]
[Round "12"]
[White "Jones, Gawain C B"]
[Black "Dobrov, Vladimir"]
[Result "1-0"]
[ECO "B22"]
[WhiteElo "2665"]
[BlackElo "2499"]
[Annotator "Ramirez Alvarez,A"]
[PlyCount "55"]
[EventDate "2017.01.14"]
[EventType "tourn"]
[EventRounds "13"]
[EventCountry "NED"]
[EventCategory "14"]
[SourceTitle "CBM 177"]
[Source "ChessBase"]
[SourceDate "2017.03.16"]
[SourceVersion "1"]
[SourceVersionDate "2017.03.16"]
[SourceQuality "1"]
[TimeControl "40/6000+30:20/3000+30:900+30"]

1. e4 c5 2. Nf3 e6 3. c3 d5 4. exd5 Qxd5 5. d4 Nf6 6. Na3 Nc6 7. Be3 cxd4 8. Nb5 Qd8 9. Nbxd4 Nd5 10. Nxc6 bxc6 11. Bd4 f6 12. Bc4 Bd6 13. Nd2 $146 (13. O-O O-O 14. Re1 Kh8 15. Bb3 c5 16. Be3
Bb7 17. Bd2 Re8 18. Bc2 Qc7 19. Qe2 Rad8 20. Qe4 f5 21. Qh4 h6 22. Ba4 Re7 23.
Rad1 Kg8 24. c4 Nb6 25. Bc2 Bxf3 26. gxf3 Rf8 27. Bc3 Bf4 28. b3 e5 29. Bd2
Bxd2 30. Rxd2 Rf6 31. Red1 Nd7 32. Bxf5 Nf8 33. Be4 Ne6 34. Rd6 Rf4 35. Qh5 Nd4
36. Qg6 Kf8 37. Kh1 Ref7 38. Bd5 R7f6 39. Rxf6+ Rxf6 40. Qh7 Nf5 41. Rg1 Qd6
42. f4 e4 {Dauth,B (2322)-Szelag,M (2464) Germany 2011 1-0 (61)}) 13... e5 14. Qa4 Bd7 15. Ne4 Qb8 16. Be3 Nxe3 17.
fxe3 Be7 18. O-O-O Qb6 19. Bf7+ Kxf7 20. Rxd7 Rhb8 21. Qc4+ Kf8 22. b4 Qxe3+ 23. Kb1 Rb5 $4 (23... Qh6 $13) 24. Nd6 Rd5 25. Rxe7 $1 Rd8 26. Rf7+ Kg8 27. Rxg7+ Kh8 28.
Rg3 1-0